 Dungeon Crawl Stone Soup version 0.24.0-123-gd5b16e6ec5 (webtiles) character file.

Game seed: 8369162529362806680, levelgen mode: deterministic

3771 Freitmort the Thaumaturge (level 9, 0/46 HPs)
             Began as a Deep Elf Fire Elementalist on Feb 11, 2020.
             Slain by a slave (8 damage)
             ... led by Pikel
             ... on level 8 of the Dungeon on Feb 12, 2020.
             The game lasted 00:57:25 (8757 turns).

Freitmort the Thaumaturge (DEFE)                    Turns: 8757, Time: 00:57:29

Health: 0/46       AC: 10    Str:  7    XL:     9   Next: 94%
Magic:  16/25      EV: 14    Int: 22    God:
Gold:   311        SH:  0    Dex: 15    Spells: 17/29 levels left

rFire    x . .     SeeInvis .   j - +0 short sword (drain)
rCold    + . .     Gourm    .   (no shield)
rNeg     . . .     Faith    .   B - +2 robe {MR+}
rPois    .         Spirit   .   (no helmet)
rElec    .         Reflect  .   f - +2 cloak
rCorr    .         Harm     .   (no gloves)
MR       ++...                  q - +2 pair of boots
Stlth    +++.......             b - amulet of magic regeneration
HPRegen  0.15/turn              g - ring of protection from magic
MPRegen  0.44/turn              y - ring of ice

@: about to teleport, barbed spikes
A: no striking features
a: no special abilities


You were on level 8 of the Dungeon.
You were hungry.

You visited 1 branch of the dungeon, and saw 8 of its levels.
You also visited: Sewer.

You collected 473 gold pieces.
You spent 162 gold pieces at shops.

Inventory:

Hand Weapons
 j - a +0 short sword of draining (weapon)
Missiles
 h - 56 poisoned darts (quivered)
Armour
 f - a +2 cloak (worn)
 q - a +2 pair of boots (worn)
 B - a +2 robe of magic resistance (worn)
Jewellery
 b - an amulet of magic regeneration (around neck)
 g - a ring of protection from magic (left hand)
 v - an uncursed amulet of harm
 y - a ring of ice (right hand)
Wands
 p - a wand of digging (10)
Scrolls
 e - 6 scrolls of remove curse
 l - 2 scrolls of teleportation
 n - a scroll of fog
Potions
 d - 2 potions of haste
 i - 7 potions of flight
 k - a potion of berserk rage
 m - 3 potions of invisibility
 o - a potion of cancellation
 r - 2 potions of ambrosia
 s - a potion of brilliance
 t - 4 potions of lignification {unknown}
 u - 4 potions of curing {unknown}
 w - a potion of mutation {unknown}
 x - a potion of heal wounds {unknown}
Miscellaneous
 A - a lamp of fire
Comestibles
 c - 17 rations


   Skills:
 + Level 0.8 Fighting
 + Level 3.9 Dodging
 + Level 4.3 Stealth
 + Level 10.9 Spellcasting
 + Level 8.6 Conjurations
 + Level 9.2 Fire Magic


You had 17 spell levels left.
You knew the following spells:

 Your Spells              Type           Power        Failure   Level  Hunger
a - Flame Tongue          Conj/Fire      #####        1%          1    None
b - Throw Flame           Conj/Fire      ######       1%          2    None
c - Sticky Flame          Conj/Fire      ######..     1%          4    #......
d - Fireball              Conj/Fire      ######....   4%          5    ####...

Your spell library contained the following spells:

 Spells                   Type           Power        Failure   Level  Hunger
 Conjure Flame            Conj/Fire      ######..     1%          3    None
 Inner Flame              Hex/Fire       ####....     2%          3    None


Dungeon Overview and Level Annotations

Branches:
Dungeon (8/15)              Sewer (visited)
 Temple: D:4-7         Lair: D:8-11

Altars:
The Shining One

Shops:
D:5 *

Annotations:
D:2 Terence
D:5 2 transporters, exclusion: crimson imp, tamionv's ghost, novice GrFi
D:6 Sigmund
D:7 1 runed translucent door, exclusions: crimson imp, door, downstairs and 8 more exclusions, Crazy Yiuf; Joseph
D:8 Pikel


Message History

The slave shouts!
You hear a shout!
The jelly quivers.
A slave comes into view.
The slave shouts!
You hear an angry hiss.
You feel a bit more experienced. The slave misses you.
The jelly barely misses you.
Pikel zaps a wand.
The puff of flame hits you! The fire burns you terribly!
* * * LOW HITPOINT WARNING * * *
A slave comes into view.
The slave shouts!
You hear an angry hiss.
The slave misses you. The jelly barely misses you.
The slave completely misses you. The jelly hits you but does no damage.
Pikel drinks a potion.
Pikel suddenly seems more resistant.
As you read the scroll of teleportation, it crumbles to dust.
You feel strangely unstable.
An adder comes into view.
The slave hits you.
* * * LOW HITPOINT WARNING * * *
The jelly hits you but does no damage. The slave hits you!
You die...

#.....##.......##.....
#.##..#...รท...##......
#....###..............
+....#.##.............
#.....................
#.###.####............
#..##.#####..#.<......
#..#K..#...####......
#.J@pp##.## #......
##..p[[#.#####......
#...[.[..S.......#.
#.###...#.....##### +.
.....##.....###.
#.#.....##.#...#.<#
#.#....#####......#
#..5...# #..##...
..#..... #######.


You could see Pikel, 3 slaves, a jelly and an adder (wandering).

Vanquished Creatures
  Harold (D:7)
  2 hippogriffs (D:8)
  Grinder (D:6)
  A spriggan (D:7)
  A steam dragon (D:6)
  A sky beast (D:5)
  An orc warrior (D:8)
  A phantom (D:7)
  A necrophage (D:6)
  5 ogres
  A centaur (D:8)
  2 bullfrogs
  2 scorpions
  A wyvern skeleton (D:8)
  3 wights (D:7)
  2 centaur zombies
  2 jellies
  A centaur skeleton (D:3)
  An orc priest (D:8)
  5 hounds
  2 bullfrog skeletons (D:8)
  A merfolk siren (Sewer)
  6 orc wizards
  A merfolk avatar (Sewer)
  2 hound skeletons (D:4)
  A worker ant zombie (D:7)
  15 adders
  4 river rats
  A shadow imp (D:8)
  An ooze (D:3)
  3 adder skeletons
  6 worms
  2 dart slugs
  5 leopard geckos
  11 orcs
  4 giant cockroaches
  6 goblins
  3 hobgoblins
  3 quokkas
  8 ball pythons
  8 bats
  9 frilled lizards
  A jackal skeleton (D:4)
  14 kobolds
  A leopard gecko skeleton (D:4)
  A leopard gecko zombie (D:4)
  A quokka skeleton (D:4)
  35 rats
190 creatures vanquished.

Notes
Turn   | Place    | Note
-------+----------+-------------------------------------------
     0 | D:1      | Freitmort the Deep Elf Fire Elementalist began the quest
                  | for the Orb.
     0 | D:1      | Reached XP level 1. HP: 10/10 MP: 6/6
   476 | D:1      | Reached XP level 2. HP: 15/15 MP: 6/8
   498 | D:1      | Learned a level 2 spell: Throw Flame
  1196 | D:2      | Noticed Terence
  1253 | D:1      | Reached XP level 3. HP: 13/19 MP: 5/9
  2468 | D:3      | Reached XP level 4. HP: 24/24 MP: 7/11
  2561 | D:3      | Learned a level 4 spell: Sticky Flame
  2753 | D:3      | Reached skill level 4 in Spellcasting
  2994 | D:3      | Reached skill level 5 in Fire Magic
  3071 | D:3      | Reached XP level 5. HP: 28/28 MP: 10/13
  3945 | D:4      | Found a glowing drain.
  3951 | Sewer    | Entered a sewer
  4144 | Sewer    | Reached skill level 5 in Spellcasting
  4342 | Sewer    | Reached XP level 6. HP: 32/32 MP: 13/15
  4794 | D:4      | Learned a level 5 spell: Fireball
  5232 | D:5      | Entered Level 5 of the Dungeon
  5232 | D:5      | Found Hopink's Assorted Antiques.
  5278 | D:5      | Bought a scroll of identify for 48 gold pieces
  5278 | D:5      | Bought a scroll of identify for 48 gold pieces
  5278 | D:5      | Bought a metallic dark potion for 21 gold pieces
  5278 | D:5      | Bought a puce potion for 21 gold pieces
  5278 | D:5      | Bought a scroll labeled ETIUXKU HUHA for 24 gold pieces
  5351 | D:5      | Noticed tamionv's ghost (novice GrFi)
  5352 | D:5      | Found a transporter.
  5446 | D:5      | Noticed a sky beast
  5454 | D:5      | Killed a sky beast
  5454 | D:5      | Reached XP level 7. HP: 29/36 MP: 9/17
  5519 | D:5      | Reached skill level 6 in Spellcasting
  5592 | D:5      | Found a transporter.
  6062 | D:6      | Noticed Sigmund
  6073 | D:6      | Noticed Grinder
  6084 | D:6      | Killed Grinder
  6084 | D:6      | Reached skill level 7 in Spellcasting
  6084 | D:6      | Reached skill level 5 in Conjurations
  6084 | D:6      | Reached XP level 8. HP: 33/41 MP: 2/20
  6397 | D:6      | Reached skill level 8 in Spellcasting
  6465 | D:6      | Found a glowing golden altar of the Shining One.
  6685 | D:7      | Noticed Joseph
  7019 | D:7      | Found a runed translucent door.
  7020 | D:7      | Noticed Crazy Yiuf
  7264 | D:7      | Reached skill level 9 in Spellcasting
  7335 | D:7      | Reached XP level 9. HP: 25/45 MP: 18/24
  7563 | D:7      | Noticed Harold
  7580 | D:7      | Killed Harold
  7580 | D:7      | Reached skill level 10 in Spellcasting
  8746 | D:8      | Noticed a manticore
  8754 | D:8      | Noticed Pikel
  8757 | D:8      | Slain by a slave

Levels and vault maps discovered:
D:1:      saegor_arrival_simple_d, layout_basic, lemuel_old_faithful
D:2:      layout_rooms, uniq_terence
D:3:      layout_loops_cross, serial_forest, infiniplex_forest_clump_diagonal,
          infiniplex_forest_clump_diagonal, infiniplex_forest_clump_long,
          infiniplex_forest_lined_4_way, infiniplex_forest_lined_3_way,
          infiniplex_forest_clump_tiny, nicolae_underground_beach
D:4:      layout_loops_cross, lightli_sewer_entry_pipes, first_ration
D:5:      layout_rooms, gammafunk_ghost_arena, serial_shops, nicolae_shop_trees
D:6:      layout_gridville, kennysheep_mini_moat,
          minmay_temple_entry_nine_rooms, hangedman_minor_gate_pass,
          uniq_grinder, uniq_sigmund
D:7:      layout_loops_corners, the_bakery, uniq_crazy_yiuf_cottage,
          uniq_harold, uniq_joseph
D:8:      minmay_the_grid_octo_tiled_octocenter [minmay_the_grid_octo_pinwheel,
          minmay_the_grid_octo_tetromino_candy, minmay_the_grid_octo_horde,
          minmay_the_grid_octo_focus,
          minmay_the_grid_octo_prize_square_snowflake,
          minmay_the_grid_square_5x5_three_walls,
          minmay_the_grid_square_5x5_two_walls_b,
          minmay_the_grid_square_5x5_sharp_hourglass,
          minmay_the_grid_square_5x5_n_small], layout_cave_pools,
          minmay_checkerbox, uniq_pikel

Skill      XL: |  1  2  3  4  5  6  7  8  9 |
---------------+----------------------------+-----
Fire Magic     | 4 5 6 8 9 |  9.2
Stealth        | 3 4 |  4.3
Spellcasting   | 4 5 7 9 10 | 10.9
Conjurations   | 2 4 5 6 8 |  8.6
Dodging        | 3 |  3.9
Fighting       | |  0.8

Action                   |  1- 3 |  4- 6 |  7- 9 || total
-------------------------+-------+-------+-------++-------
 Cast: Flame Tongue      |    74 |   152 |    78 ||   304
       Throw Flame       |     9 |    20 |   101 ||   130
       Sticky Flame      |       |     1 |    19 ||    20
       Fireball          |       |       |     4 ||     4
  Use: Scroll            |       |    13 |     8 ||    21
  Eat: Chunk             |     4 |    10 |     5 ||    19
       Ration            |       |       |     2 ||     2
Armor: Robe              |     5 |    17 |    10 ||    32
Dodge: Dodged            |    18 |    35 |    28 ||    81
